 Dungeon Crawl Stone Soup version 0.18-a0-425-ge088ad1 (webtiles) character file.

296 Raultor the Ruffian (level 6, 0/53 HPs)
             Began as a Draconian Monk on Nov 30, 2015.
             Slain by a scorpion (1 damage)
             ... on level 6 of the Dungeon.
             The game lasted 00:07:45 (1841 turns).

Raultor the Ruffian (Draconian Monk)                Turns: 1841, Time: 00:07:45

Health: 0/53       AC:  7    Str: 15    XL:     6   Next: 12%
Magic:  6/6        EV: 14    Int: 10    God:
Gold:   80         SH:  0    Dex: 14    Spells: 0 memorised, 5 levels left

rFire  . . .     SeeInvis .       - Unarmed
rCold  . . .     Clarity  .     (armour unavailable)
rNeg   . . .     SustAt   .     (no shield)
rPois  .         Gourm    .     (helmet restricted)
rElec  .         Spirit   .     (no cloak)
rCorr  .         Dsmss    .     (no gloves)
rMut   .         Stasis   .     g - +0 pair of boots
MR     .....                    (no amulet)
Stlth  +.........               j - ring of loudness (curse)
                                e - ring of wizardry

@: lethally poisoned (0 -> -9), not resistant to hostile enchantments, very
unstealthy
A: unfitting armour, cold-blooded, AC +6
a: no special abilities


You were on level 6 of the Dungeon.
You were not hungry.

You visited 1 branch of the dungeon, and saw 6 of its levels.

You collected 80 gold pieces.

Inventory:

Armour
 g - a +0 pair of boots (worn)
Jewellery
 e - a ring of wizardry (left hand)
 j - a cursed ring of loudness (right hand)
 k - an uncursed ring of wizardry
Scrolls
 c - a scroll of teleportation {unknown}
 d - 3 scrolls of identify {unknown}
 l - a scroll of noise {unknown}
 p - a scroll of blinking {unknown}
Potions
 b - a potion of curing {unknown}
 f - a potion of haste {unknown}
 m - a potion of lignification {unknown}
 n - a potion of berserk rage {unknown}
Comestibles
 a - 2 bread rations
 h - a meat ration
 i - a beef jerky
 o - 2 fruits
 q - 11 chunks of flesh (quivered)
 r - a slice of pizza


   Skills:
 + Level 4.3 Fighting
 + Level 4.4 Dodging
 - Level 1.7 Stealth
 * Level 5.7 Unarmed Combat


You had 5 spell levels left.
You didn't know any spells.

Dungeon Overview and Level Annotations

Branches:
Dungeon (6/15)
 Temple: D:4-7

Altars:

Shops:
D:5 =[

Annotations:
D:3 Alethiolet's ghost, amateur DsGl


Innate Abilities, Weirdness & Mutations

Your plain brown scales are hard (AC +6).
Your body does not fit into most forms of armour.
You are cold-blooded and may be slowed by cold attacks.


Message History

The scorpion misses you.
You hit the sky beast.
The sky beast is lightly wounded.
The sky beast misses you. The scorpion closely misses you.
You closely miss the sky beast.
The sky beast is lightly wounded.
The sky beast barely misses you. The scorpion stings you!
* * * LOW HITPOINT WARNING * * *
You are lethally poisoned!
The scorpion poisons you!
You barely miss the sky beast.
Your tail-slap misses the sky beast.
The sky beast is lightly wounded.
* * * LOW HITPOINT WARNING * * *
You feel sick.
The sky beast flickers out of sight!
Deactivating autopickup; reactivate with Ctrl-A.
Something hits you but does no damage. The scorpion barely misses you.
You hit something but do no damage. You tail-slap something.
* * * LOW HITPOINT WARNING * * *
You feel sick. Something hits you but does no damage. The scorpion stings you.
You die...

.o#.(...... ..#
...... .o#
#...# ..# #...#
$.
..###...###....
.....o.........
#####...######
..##....oo...#
########
..##.#######.#
#@s....# ####.
#.# #{####.# #.
#o# #o# #$ #o#
#o# .. #.# #.#
###.###.#
#..≈o...#
#########


You could see a scorpion and 2 orcs.

Vanquished Creatures
  2 vampire bats (D:3)
  A crimson imp (D:6)
  A hound (D:5)
  An orc wizard (D:5)
  4 adders
  3 oozes
  A worm (D:1)
  2 orcs
  6 giant cockroaches
  11 goblins
  A hobgoblin (D:2)
  A quokka (D:2)
  16 bats
  2 giant geckos
  2 giant newts (D:2)
  11 kobolds
  A quokka skeleton (D:3)
  5 rats
71 creatures vanquished.

Notes
Turn   | Place    | Note
--------------------------------------------------------------
     0 | D:1      | Raultor the Draconian Monk began the quest for the Orb.
     0 | D:1      | Reached XP level 1. HP: 19/19 MP: 1/1
   117 | D:1      | Reached XP level 2. HP: 19/26 MP: 2/2
   333 | D:1      | Reached XP level 3. HP: 28/31 MP: 3/3
   778 | D:2      | Found a faded altar to an unknown god.
  1058 | D:2      | Reached XP level 4. HP: 37/40 MP: 4/4
  1514 | D:3      | Reached skill level 5 in Unarmed Combat
  1517 | D:3      | Reached XP level 5. HP: 43/46 MP: 5/5
  1561 | D:3      | Noticed Alethiolet's ghost (amateur DsGl)
  1627 | D:4      | You fall through a shaft!
  1627 | D:5      | Entered Level 5 of the Dungeon
  1691 | D:5      | Noticed an ogre
  1761 | D:5      | Found Lifoed's Jewellery Boutique.
  1763 | D:5      | Found Umemin's Antique Armour Shop.
  1787 | D:6      | Noticed an orc warrior
  1799 | D:6      | Noticed a sky beast
  1832 | D:6      | Reached XP level 6. HP: 15/53 MP: 6/6
  1840 | D:6      | HP: 2/53 [poisoned by a scorpion]
  1841 | D:6      | Slain by a scorpion

Vault maps used:
D:1:      evilmike_arrival_run_for_it
D:2:      kennysheep_the_goblin_king, ecumenical_altar_2
D:3:      grunt_temple_overflow_growth_and_decay, roderic_batcave,
          minmay_misc_feat_columns
D:4:      serial_shops, nicolae_shop_trees, minmay_item_behind_shaft
D:5:      marbit_many_paths, first_bread, serial_shops, shop,
          kennysheep_little_box, nicolae_shop_waterfront, shop, shop
D:6:      old_standard_altar, serial_shops, nicolae_shop_stone, shop,
          kennysheep_mini, shop, shop

Action                   |  1- 3 |  4- 6 || total
-------------------------+-------+-------++-------
Melee: Unarmed           |   150 |   132 ||   282
 Stab: Sleeping          |     5 |       ||     5
  Eat: Chunk             |     1 |     2 ||     3
